 Dungeon Crawl Stone Soup version 0.20.1-1-g8b1a95d (webtiles) character file.

94 HessuHobo the Distorting Demonspawn (level 4, -4/35 HPs)
             Began as a Demonspawn Abyssal Knight on Oct 26, 2017.
             Was a Believer of Lugonu.
             Slain by Grinder (5 damage)
             ... on level 3 of the Dungeon.
             The game lasted 00:10:36 (2584 turns).

HessuHobo the Distorting Demonspawn (DsAK)          Turns: 2584, Time: 00:10:36

Health: -4/35      AC: 11    Str: 13    XL:     4   Next: 38%
Magic:  5/6        EV:  2    Int: 14    God:    Lugonu [**....]
Gold:   130        SH:  3    Dex: 12    Spells: 3/3 levels left

rFire    . . .     SeeInvis .   a - +2 hand axe
rCold    . . .     Gourm    .   d - +0 buckler
rNeg     . . .     Faith    .   r - +0 plate armour
rPois    .         Spirit   .   (no helmet)
rElec    .         Reflect  .   (no cloak)
rCorr    .         Harm     .   (no gloves)
MR       .....                  (no boots)
Stlth    ..........             (no amulet)
Regen    0.2/turn               (no ring)
MPRegen  0.1/turn               (no ring)

@: no status effects
A: nightstalker 2
a: Depart the Abyss, Bend Space, Renounce Religion


You were on level 3 of the Dungeon.
You worshipped Lugonu.
Lugonu was pleased with you.
You were very hungry.

You visited 1 branch of the dungeon, and saw 3 of its levels.
You visited the Abyss 1 time.

You collected 130 gold pieces.

Inventory:

Hand Weapons
 a - a +2 hand axe (weapon)
Armour
 b - a +0 leather armour
 d - a +0 buckler (worn)
 h - a +0 chain mail
 r - a +0 plate armour (worn)
Jewellery
 c - an uncursed ring of poison resistance {unknown}
 i - an uncursed amulet of harm {unknown}
 p - a +2 ring of evasion {unknown}
Scrolls
 e - a scroll of enchant weapon
 l - a scroll of remove curse
 q - a scroll of fog
Potions
 f - a potion of heal wounds {unknown}
 m - 4 potions of curing {unknown}
Comestibles
 g - a bread ration
 j - 2 fruits
 k - a royal jelly
 o - a meat ration


   Skills:
 + Level 3.4 Fighting
 * Level 3.0 Axes
 + Level 2.4 Armour
 - Level 0.8 Dodging
 + Level 3.5 Invocations


You had 3 spell levels left.
You didn't know any spells.

Dungeon Overview and Level Annotations

Branches:
Dungeon (3/15)

Altars:

Annotations:
D:3 Grinder


Innate Abilities, Weirdness & Mutations

You are significantly more attuned to the shadows.


Message History

You kill the kobold!
Lugonu accepts your kill.
You are feeling very hungry.
You closely miss Grinder.
Grinder is moderately wounded.
Grinder hits you but does no damage.
Okay, then.
Okay, then.
Your plate armour prevents you from hitting Grinder.
Grinder is moderately wounded.
Grinder hits you but does no damage.
You closely miss Grinder.
Grinder is moderately wounded.
Grinder gestures at you. Pain shoots through your body!
* * * LOW HITPOINT WARNING * * *
Space bends around you!
You blink.
Grinder hits you.
* * * LOW HITPOINT WARNING * * *
You writhe in agony.
You die...

#..# #.# ..
#..# ..# #.#
#..###.# #..#
#..##<.# #..
##..##.##
##†###...##.###
#..§...#......#
#..5..##...)..#
#..@..........#
##............#
##..?........#
.............
##........
####...


You could see Grinder.

Vanquished Creatures
  5 adders
  An adder skeleton (D:3)
  A worm (D:2)
  A leopard gecko (D:2)
  4 giant cockroaches
  4 goblins
  5 hobgoblins
  A ball python (D:1)
  4 bats
  4 frilled lizards
  6 kobolds
  11 rats
47 creatures vanquished.

Notes
Turn   | Place    | Note
-------+----------+-------------------------------------------
     0 | Abyss:1  | HessuHobo the Demonspawn Abyssal Knight began the quest for the Orb.
     0 | Abyss:1  | Reached XP level 1. HP: 18/18 MP: 2/2
    71 | Abyss:1  | Noticed a smoke demon
   112 | Abyss:1  | Noticed an apocalypse crab
   113 | D:1      | Escaped the Abyss
   739 | D:1      | Gained mutation: You are slightly more attuned to the shadows. [demonic ancestry]
   739 | D:1      | Reached XP level 2. HP: 22/24 MP: 3/3
   991 | D:1      | Reached * piety under Lugonu
  1388 | D:1      | Gained mutation: You are significantly more attuned to the shadows. [demonic ancestry]
  1388 | D:1      | Reached XP level 3. HP: 10/29 MP: 5/5
  2288 | D:2      | Reached XP level 4. HP: 28/35 MP: 6/6
  2362 | D:2      | Reached ** piety under Lugonu
  2568 | D:3      | Noticed Grinder
  2572 | D:3      | Paralysed by Grinder for 7 turns
  2584 | D:3      | HP: 1/35 [Grinder (1)]
  2584 | D:3      | Slain by Grinder

Skill      XL: |  1  2  3  4 |
---------------+-------------+-----
Axes           | 2 3 |  3.0
Armour         | 2 |  2.4
Invocations    | 3 |  3.5
Fighting       | |  3.4
Dodging        | |  0.8

Action                   |  1- 3 |  4- 6 || total
-------------------------+-------+-------++-------
Melee: Hand axe          |   130 |    34 ||   164
Invok: Depart the Abyss  |     1 |       ||     1
       Bend Space        |       |     1 ||     1
  Use: Scroll            |     6 |     1 ||     7
 Stab: Sleeping          |     1 |       ||     1
  Eat: Bread ration      |     1 |       ||     1
Armor: Leather armour    |    11 |       ||    11
       Chain mail        |    44 |    10 ||    54
       Plate armour      |       |    13 ||    13
Dodge: Dodged            |    50 |    11 ||    61
Block: Buckler           |     7 |     1 ||     8
